AoeStats
← 海峡

Four Lakes

507220577Analyzed
1v1 RM · 16d ago on Sep 17, 2026· 26m 12s· 2 players
Game mode
Random Map
Map size
Tiny (2 player)
Population
200
Speed
Normal
Resources
Standard
Victory
Conquest
Starting age
Dark Age
Ending age
Imperial Age
RankedLock teamsTeams togetherTeam positionsShared explorationLock speedFull tech treeHidden civsTurbo modeCheats
Victory
Defeat
🇻🇳 Malians · Vietnam
1682
+14
🇨🇳 Inca · China
1644
-14
海峡
9:16 Loom
11:51 Feudal Age
12:27 Double-Bit Axe
12:40 Fishing Lines
15:28 Castle Age
14:05 Scale Mail Armor
14:18 Champi Runner
15:17 Forging
15:54 Gold Mining
15:37 Champi Warrior
17:51 Wheelbarrow
18:33 Bow Saw
18:31 Squires
18:17 Arson
20:08 Chain Mail Armor
20:33 Medium Warships
25:01 Imperial Age
22:56 Chain Mail Armor
26:27 Gillnets
VNS__Pan
6:50 Loom
10:56 Feudal Age
15:27 Castle Age
16:41 Double-Bit Axe
22:03 Scale Mail Armor
Connection lost

Rejoining the realm…

Still unreachable

The connection could not be restored.

Session expired

The server has moved on; the page needs a fresh start.